Saguenéens vs Ice Dragons
Created - 29 janvier 2017 at 19:35
Goals
|
Saguenéens |
0 |
1 |
3 |
4 |
Ice Dragons |
0 |
1 |
2 |
3 |
|
Shots
|
Saguenéens |
9 |
8 |
20 |
37 |
Ice Dragons |
5 |
1 |
11 |
17 |
|
1st period
No Goal
Penalties :
Troy Brouwer (Kin) for High sticking (Minor) at 0:22, Tomas Kudelka (Kin) for Interference (Minor) at 9:34, Troy Brouwer (Kin) for Hooking (Minor) at 19:05
2nd period
1. Saguenéens , Tyler Kennedy 41 (Erik Haula) at 1:45
2. Ice Dragons , Jordan LaVallee 17 (Brayden McNabb, Ian Cole) at 2:16
Penalties :
Juraj Mikus (Chi) for High sticking (Minor) at 4:52, Ryan Reaves (Kin) for Hooking (Minor) at 9:36, Ian Cole (Kin) for High sticking (Double Minor) at 16:10
3rd period
3. Ice Dragons , Tyler Haskins 18 (Troy Brouwer, Ryan Reaves) at 0:20
4. Ice Dragons , Ryan Reaves 6 (Tyler Haskins, Ian Cole) at 3:15
5. Saguenéens , Brian Sutherby 3 (Brett Lebda) at 5:53 (PP)
6. Saguenéens , Dalton Prout 4 (Spencer Machacek) at 10:45 (PP)
7. Saguenéens , Mason Raymond 23 (Tyler Kennedy, Brian Sutherby) at 13:46
Penalties :
Petr Vrana (Kin) for Holding (Minor) at 5:17, Ryan Reaves (Kin) for Slashing (Minor) at 9:43, Tyler Kennedy (Chi) for Holding (Minor) at 14:03, Alexander Urbom (Kin) for Holding (Minor) at 15:19
Goalie Stats
Mike Smith (Chi), 14 saves from 17 shots - (0,824), W, 21-13-2, 60:00 minutes
Justin Pogge (Kin), 33 saves from 37 shots - (0,892), L, 16-14-3, 58:58 minutes
Players Stats for Saguenéens
Player Name G A P +/- PIM S H SB GA TA FO MP PP MP PK MP
------------------------------------------------------------------------------------
Brett Lebda 0 1 1 -1 0 2 2 3 0 3 0/0 29:07 9:02 1:37
Brian Sutherby 1 1 2 -1 0 6 1 0 0 1 12/26 21:47 7:50 1:53
Craig Cunningham 0 0 0 0 0 5 1 0 0 0 1/1 11:22 0:31 1:04
Dalton Prout 1 0 1 -1 0 2 0 0 0 2 0/0 19:48 5:10 1:38
Erik Haula 0 1 1 0 0 1 3 0 0 0 11/19 19:25 5:48 0:00
Juraj Mikus 0 0 0 0 2 2 0 0 0 1 2/6 10:54 0:06 0:47
Kevin Marshall 0 0 0 -1 0 2 2 2 2 0 0/0 29:07 9:02 1:37
Luke Witkowski 0 0 0 1 0 0 2 1 0 0 0/0 11:05 0:37 0:00
Mason Raymond 1 0 1 0 0 3 1 2 0 0 1/1 23:26 7:51 0:26
Oscar Klefbom 0 0 0 1 0 0 0 0 0 0 0/0 11:05 0:37 0:00
Rhett Rakhshani 0 0 0 0 0 2 1 0 1 0 0/1 7:40 1:06 0:00
Rickard Rakell 0 0 0 0 0 0 1 0 0 0 0/1 7:52 0:38 0:56
Roman Josi 0 0 0 -1 0 0 2 1 0 0 0/0 19:48 5:10 1:38
Spencer Machacek 0 1 1 -1 0 2 5 0 0 0 1/1 16:17 5:47 0:26
Teemu Pulkkinen 0 0 0 0 0 0 1 0 0 1 1/2 5:30 0:00 0:00
Tim Kennedy 0 0 0 -1 0 0 1 0 0 0 0/0 15:52 5:48 0:00
Tyler Kennedy 1 1 2 0 2 8 4 0 1 0 2/2 23:46 7:52 0:58
Tyler Pitlick 0 0 0 0 0 2 3 0 0 0 0/0 12:09 1:10 0:00
Players Stats for Ice Dragons
Player Name G A P +/- PIM S H SB GA TA FO MP PP MP PK MP
------------------------------------------------------------------------------------
Alexander Urbom 0 0 0 -1 2 0 1 0 0 0 0/0 13:16 0:30 0:31
Bradley Malone 0 0 0 0 0 2 1 1 0 0 5/8 14:20 0:00 4:01
Brandon Kozun 0 0 0 0 0 0 1 1 0 0 0/0 11:59 1:05 0:00
Brayden McNabb 0 1 1 2 0 1 1 2 3 0 0/0 23:06 1:07 7:34
Ian Cole 0 2 2 1 4 3 3 5 0 0 0/0 27:27 1:38 6:31
Joey Hishon 0 0 0 0 0 0 0 0 1 0 1/2 5:36 0:00 0:00
Jordan LaVallee 1 0 1 0 0 1 2 1 1 1 1/2 20:00 1:05 8:01
Kevin Connauton 0 0 0 0 0 0 3 0 0 1 0/0 20:01 1:37 5:40
Kyle Bigos 0 0 0 0 0 0 0 0 0 0 0/0 4:31 0:00 0:59
Logan MacMillan 0 0 0 0 0 0 1 0 0 1 0/0 8:09 0:00 0:54
Michael Latta 0 0 0 0 0 0 2 0 0 0 4/11 13:24 1:05 1:40
Patrick Davis 0 0 0 0 0 0 0 0 0 0 1/1 12:13 0:00 0:06
Petr Vrana 0 0 0 0 2 1 1 2 0 1 1/1 16:31 0:00 5:05
Ryan Reaves 1 1 2 1 4 1 0 0 0 0 0/0 15:48 2:10 0:00
Samuel Groulx 0 0 0 0 0 0 0 0 0 0 0/0 13:39 0:00 3:34
Tomas Kudelka 0 0 0 0 2 0 0 0 2 0 0/0 19:34 1:37 4:49
Troy Brouwer 0 1 1 1 4 5 1 1 1 0 6/10 24:35 2:10 5:20
Tyler Haskins 1 1 2 1 0 3 3 1 0 0 10/25 20:10 2:10 4:31
3 Stars
1 - Tyler Haskins (Kin)
2 - Tyler Kennedy (Chi)
3 - Brian Sutherby (Chi)
Power Play
Saguenéens - 2 on 10 Attempt(s) - 20,00%
Ice Dragons - 0 on 2 Attempt(s) - 0,00%
Penalty Kill
Saguenéens - 2 on 2 Attempt(s) - 100,00%
- Score 0 goal in Penalty Kill
Ice Dragons - 8 on 10 Attempt(s) - 80,00%
- Score 0 goal in Penalty Kill
Team Stat
Saguenéens - Hits : 30 - Faceoff Wins : 31 - Blocked Shots : 9 - Penalty Minutes : 4
Ice Dragons - Hits : 20 - Faceoff Wins : 29 - Blocked Shots : 14 - Penalty Minutes : 18
Official
Referees : Morton Dean and Leggo Mike
Linesman : Shane Heyer and Lonnie Cameron
Game Notes
13:58 of 1st period - Penalty Shot by Kevin Connauton for Ice Dragons - Stopped by Mike Smith
Brayden McNabb is injured at 10:10 of 3rd period (Strained Left Knee)
Finance
Level 1 -- Attendance: 1524 (76,20%) -- Ticket Income 53 340 $
Level 2 -- Attendance: 757 (75,70%) -- Ticket Income 11 355 $
Total Attendance: 2281 (76,03%)
Total Ticket Income: 64 695 $
Other Income: 3 235 $
Total Income: 67 930 $
Saguenéens
5 vs 5 Forward
Center Left Wing Right Wing Time % Phy DF OF
1 Erik Haula Mason Raymond Tyler Kennedy 40 1 2 2
2 Brian Sutherby Tim Kennedy Spencer Machacek 30 1 2 2
3 Juraj Mikus Craig Cunningham Tyler Pitlick 20 1 2 2
4 Rickard Rakell Teemu Pulkkinen Rhett Rakhshani 10 1 2 2
5 vs 5 Defense
Defense Defense Time % Phy DF OF
1 Brett Lebda Kevin Marshall 40 1 2 2
2 Dalton Prout Roman Josi 30 1 2 2
3 Luke Witkowski Oscar Klefbom 20 1 2 2
4 Brett Lebda Kevin Marshall 10 1 2 2
PowerPlay Forward
Center Left Wing Right Wing Time % Phy DF OF
1 Brian Sutherby Mason Raymond Tyler Kennedy 60 1 2 2
2 Erik Haula Tim Kennedy Spencer Machacek 40 1 2 2
PowerPlay Defense
Defense Defense Time % Phy DF OF
1 Brett Lebda Kevin Marshall 60 1 2 2
2 Dalton Prout Roman Josi 40 1 2 2
Penalty Kill 4 Players Forward
Center Wing Time % Phy DF OF
1 Brian Sutherby Tyler Kennedy 60 1 2 2
2 Mason Raymond Spencer Machacek 40 1 2 2
Penalty Kill 4 Players Defense
Defense Defense Time % Phy DF OF
1 Brett Lebda Kevin Marshall 60 1 2 2
2 Dalton Prout Roman Josi 40 1 2 2
Penalty Kill - 3 Players Forward
Forward Time % Phy DF OF
1 Brian Sutherby 60 1 2 2
2 Tyler Kennedy 40 1 2 2
Penalty Kill - 3 Players Defense
Defense Defense Time % Phy DF OF
1 Brett Lebda Kevin Marshall 60 1 2 2
2 Dalton Prout Roman Josi 40 1 2 2
4 vs 4 Forward
Center Wing Time % Phy DF OF
1 Brian Sutherby Tyler Kennedy 60 1 2 2
2 Mason Raymond Spencer Machacek 40 1 2 2
4 vs 4 Defense
Defense Defense Time % Phy DF OF
1 Brett Lebda Kevin Marshall 60 1 2 2
2 Dalton Prout Roman Josi 40 1 2 2
Last Minutes Offensive
Center Left Wing Right Wing Defense Defense
Brian Sutherby Mason Raymond Tyler Kennedy Brett Lebda Kevin Marshall
Last Minutes Defensive
Center Left Wing Right Wing Defense Defense
Brian Sutherby Mason Raymond Tyler Kennedy Brett Lebda Kevin Marshall
Goaltenders
Starting : Mike Smith
Backup : Martin Jones
Extra Forwards
Normal : Tyler Pitlick, Rhett Rakhshani, Juraj Mikus - PP : Tyler Pitlick, Rhett Rakhshani - PK : Juraj Mikus
Extra Defensemen
Normal : Luke Witkowski, Oscar Klefbom, Dalton Prout - PP : Luke Witkowski - PK : Oscar Klefbom, Dalton Prout
Penalty Shots
Brian Sutherby, Tyler Kennedy, Mason Raymond, Spencer Machacek, Erik Haula
Ice Dragons
5 vs 5 Forward
Center Left Wing Right Wing Time % Phy DF OF
1 Tyler Haskins Troy Brouwer Ryan Reaves 40 1 2 2
2 Michael Latta Jordan LaVallee Brandon Kozun 30 1 2 2
3 Bradley Malone Petr Vrana Patrick Davis 20 1 2 2
4 Joey Hishon Logan MacMillan Troy Brouwer 10 1 2 2
5 vs 5 Defense
Defense Defense Time % Phy DF OF
1 Ian Cole Brayden McNabb 40 1 2 2
2 Kevin Connauton Tomas Kudelka 30 1 2 2
3 Alexander Urbom Samuel Groulx 20 1 2 2
4 Kyle Bigos Ian Cole 10 1 2 2
PowerPlay Forward
Center Left Wing Right Wing Time % Phy DF OF
1 Tyler Haskins Troy Brouwer Ryan Reaves 60 1 2 2
2 Michael Latta Jordan LaVallee Brandon Kozun 40 1 2 2
PowerPlay Defense
Defense Defense Time % Phy DF OF
1 Ian Cole Brayden McNabb 60 1 2 2
2 Kevin Connauton Tomas Kudelka 40 1 2 2
Penalty Kill 4 Players Forward
Center Wing Time % Phy DF OF
1 Troy Brouwer Jordan LaVallee 60 1 2 2
2 Petr Vrana Tyler Haskins 40 1 2 2
Penalty Kill 4 Players Defense
Defense Defense Time % Phy DF OF
1 Ian Cole Brayden McNabb 60 1 2 2
2 Kevin Connauton Tomas Kudelka 40 1 2 2
Penalty Kill - 3 Players Forward
Forward Time % Phy DF OF
1 Troy Brouwer 60 1 2 2
2 Jordan LaVallee 40 1 2 2
Penalty Kill - 3 Players Defense
Defense Defense Time % Phy DF OF
1 Ian Cole Brayden McNabb 60 1 2 2
2 Kevin Connauton Tomas Kudelka 40 1 2 2
4 vs 4 Forward
Center Wing Time % Phy DF OF
1 Troy Brouwer Jordan LaVallee 60 1 2 2
2 Petr Vrana Tyler Haskins 40 1 2 2
4 vs 4 Defense
Defense Defense Time % Phy DF OF
1 Ian Cole Brayden McNabb 60 1 2 2
2 Kevin Connauton Tomas Kudelka 40 1 2 2
Last Minutes Offensive
Center Left Wing Right Wing Defense Defense
Tyler Haskins Troy Brouwer Ryan Reaves Ian Cole Brayden McNabb
Last Minutes Defensive
Center Left Wing Right Wing Defense Defense
Tyler Haskins Troy Brouwer Ryan Reaves Ian Cole Brayden McNabb
Goaltenders
Starting : Justin Pogge
Backup : Harru Sateri
Extra Forwards
Normal : Logan MacMillan, Patrick Davis, Bradley Malone - PP : Logan MacMillan, Patrick Davis - PK : Bradley Malone
Extra Defensemen
Normal : Alexander Urbom, Samuel Groulx, Kyle Bigos - PP : Alexander Urbom - PK : Samuel Groulx, Kyle Bigos
Penalty Shots
Troy Brouwer, Jordan LaVallee, Petr Vrana, Tyler Haskins, Michael Latta
% Time on Ice - Saguenéens
Lines # - Real PCT - Wanted PCT - Time Play
Normal Forward
1 - 37% - 40% - 14:47
2 - 25% - 30% - 10:04
3 - 24% - 20% - 9:42
4 - 14% - 10% - 5:30
Normal Defense
1 - 42% - 40% - 16:41
2 - 32% - 30% - 12:54
3 - 26% - 20% - 10:28
4 - 0% - 10% - 0:00
PP Forward
1 - 59% - 60% - 8:48
2 - 41% - 40% - 6:01
PP Defense
1 - 61% - 60% - 9:02
2 - 39% - 40% - 5:47
PK Forward
1 - 87% - 60% - 2:49
2 - 13% - 40% - 0:26
PK Defense
1 - 50% - 60% - 1:37
2 - 50% - 40% - 1:38
PK3 Forward
1 - 0% - 60%
2 - 0% - 40%
PK3 Defense
1 - 0% - 60%
2 - 0% - 40%
44 Forward
1 - 100% - 60% - 0:43
2 - 0% - 40% - 0:00
44 Defense
1 - 86% - 60% - 0:37
2 - 14% - 40% - 0:06
Last Minute Offensive - 0:00
Last Minute Defensive - 1:10
Total
Forward - 60:00
Defense - 60:00
|
% Time on Ice - Ice Dragons
Lines # - Real PCT - Wanted PCT - Time Play
Normal Forward
1 - 32% - 40% - 12:57
2 - 29% - 30% - 11:37
3 - 25% - 20% - 9:54
4 - 14% - 10% - 5:36
Normal Defense
1 - 44% - 40% - 17:34
2 - 30% - 30% - 12:08
3 - 21% - 20% - 8:16
4 - 5% - 10% - 2:06
PP Forward
1 - 67% - 60% - 2:10
2 - 33% - 40% - 1:05
PP Defense
1 - 50% - 60% - 1:38
2 - 50% - 40% - 1:37
PK Forward
1 - 70% - 60% - 10:18
2 - 30% - 40% - 4:31
PK Defense
1 - 61% - 60% - 9:02
2 - 39% - 40% - 5:47
PK3 Forward
1 - 0% - 60%
2 - 0% - 40%
PK3 Defense
1 - 0% - 60%
2 - 0% - 40%
44 Forward
1 - 100% - 60% - 0:43
2 - 0% - 40% - 0:00
44 Defense
1 - 86% - 60% - 0:37
2 - 14% - 40% - 0:06
Last Minute Offensive - 1:09
Last Minute Defensive - 0:00
Total
Forward - 60:00
Defense - 60:00
|
Play by Play
1st period
0:01 of 1st period - Tyler Haskins wins face-off versus Erik Haula in neutral zone.
0:22 of 1st period - Minor Penalty to Troy Brouwer for High sticking.
0:23 of 1st period - Tyler Kennedy wins face-off versus Jordan LaVallee in Ice Dragons zone.
0:54 of 1st period - Slapshot by Brett Lebda.
0:54 of 1st period - Shot Blocked by Petr Vrana.
2:22 of 1st period - Penalty to Troy Brouwer is over, Troy Brouwer is back on ice.
2:29 of 1st period - Samuel Groulx is hit by Brett Lebda and loses puck.
4:52 of 1st period - Luke Witkowski is hit by Brandon Kozun.
4:56 of 1st period - Michael Latta is hit by Rickard Rakell.
5:18 of 1st period - Backhand shot by Tyler Kennedy.
5:18 of 1st period - Deflect By Mason Raymond.
5:18 of 1st period - Stopped by Justin Pogge with a rebound.
5:24 of 1st period - Tyler Kennedy is hit by Bradley Malone and loses puck.
5:35 of 1st period - Brayden McNabb is hit by Tyler Pitlick and loses puck.
6:14 of 1st period - Jordan LaVallee is hit by Tyler Kennedy and loses puck.
6:33 of 1st period - Tyler Pitlick is hit by Ian Cole and loses puck.
7:14 of 1st period - Jordan LaVallee is hit by Spencer Machacek and loses puck.
8:26 of 1st period - Brayden McNabb is hit by Craig Cunningham and loses puck.
8:47 of 1st period - Patrick Davis is hit by Rhett Rakhshani and loses puck.
9:12 of 1st period - Wrist shot by Juraj Mikus.
9:12 of 1st period - Stopped by Justin Pogge with a rebound.
9:14 of 1st period - Wrist shot by Tyler Pitlick.
9:14 of 1st period - Stopped by Justin Pogge with a rebound.
9:30 of 1st period - Snap shot by Tyler Kennedy.
9:30 of 1st period - Deflect By Brian Sutherby.
9:30 of 1st period - Stopped by Justin Pogge without a rebound.
9:31 of 1st period - Tyler Haskins wins face-off versus Brian Sutherby in Ice Dragons zone.
9:31 of 1st period - Tyler Haskins is hit by Luke Witkowski.
9:34 of 1st period - Minor Penalty to Tomas Kudelka for Interference.
9:35 of 1st period - Troy Brouwer wins face-off versus Brian Sutherby in Ice Dragons zone.
10:01 of 1st period - Jordan LaVallee is hit by Spencer Machacek and loses puck.
11:20 of 1st period - Mason Raymond is hit by Tyler Haskins.
11:34 of 1st period - Penalty to Tomas Kudelka is over, Tomas Kudelka is back on ice.
12:04 of 1st period - Tyler Haskins is hit by Tyler Pitlick and loses puck.
13:04 of 1st period - Icing by Spencer Machacek.
13:05 of 1st period - Erik Haula wins face-off versus Michael Latta in Saguenéens zone.
13:58 of 1st period - Penalty Shot by Kevin Connauton for Ice Dragons.
13:58 of 1st period - Snap shot by Kevin Connauton.
13:58 of 1st period - Stopped by Mike Smith.
13:59 of 1st period - Mason Raymond wins face-off versus Bradley Malone in Ice Dragons zone.
14:00 of 1st period - Wrist shot by Tyler Kennedy.
14:00 of 1st period - Stopped by Justin Pogge with a rebound.
14:06 of 1st period - Wrist shot by Petr Vrana.
14:06 of 1st period - Shot Blocked by Mason Raymond.
14:08 of 1st period - Snap shot by Ian Cole.
14:08 of 1st period - Deflect By Tyler Kennedy.
14:08 of 1st period - Stopped by Mike Smith with a rebound.
14:32 of 1st period - Icing by Spencer Machacek.
14:33 of 1st period - Brian Sutherby wins face-off versus Michael Latta in Saguenéens zone.
14:33 of 1st period - Brian Sutherby is hit by Jordan LaVallee.
14:43 of 1st period - Michael Latta is hit by Roman Josi and loses puck.
15:06 of 1st period - Wrist shot by Tyler Kennedy.
15:06 of 1st period - Stopped by Justin Pogge with a rebound.
15:08 of 1st period - Snap shot by Dalton Prout.
15:08 of 1st period - Deflect By Troy Brouwer.
15:08 of 1st period - Stopped by Justin Pogge without a rebound.
15:09 of 1st period - Brian Sutherby wins face-off versus Michael Latta in Ice Dragons zone.
15:21 of 1st period - Wrist shot by Michael Latta.
15:21 of 1st period - Shot Hit the Post.
15:55 of 1st period - Snap shot by Ryan Reaves.
15:55 of 1st period - Deflect By Petr Vrana.
15:55 of 1st period - Stopped by Mike Smith with a rebound.
16:05 of 1st period - Wrist shot by Craig Cunningham.
16:05 of 1st period - Stopped by Justin Pogge without a rebound.
16:06 of 1st period - Erik Haula wins face-off versus Michael Latta in Ice Dragons zone.
17:01 of 1st period - Slapshot by Ian Cole.
17:01 of 1st period - Stopped by Mike Smith with a rebound.
17:03 of 1st period - Slapshot by Brayden McNabb.
17:03 of 1st period - Shot Misses the Net.
17:05 of 1st period - Snap shot by Bradley Malone.
17:05 of 1st period - Stopped by Mike Smith without a rebound.
17:06 of 1st period - Tyler Haskins wins face-off versus Brian Sutherby in Saguenéens zone.
17:14 of 1st period - Off-side.
17:15 of 1st period - Tyler Haskins wins face-off versus Brian Sutherby in neutral zone.
17:22 of 1st period - Snap shot by Troy Brouwer.
17:22 of 1st period - Stopped by Mike Smith with a rebound.
17:32 of 1st period - Brett Lebda is hit by Troy Brouwer.
17:36 of 1st period - Troy Brouwer is hit by Spencer Machacek and loses puck.
17:41 of 1st period - Snap shot by Spencer Machacek.
17:41 of 1st period - Stopped by Justin Pogge without a rebound.
17:42 of 1st period - Michael Latta wins face-off versus Juraj Mikus in Ice Dragons zone.
18:40 of 1st period - Backhand shot by Ian Cole.
18:40 of 1st period - Deflect By Patrick Davis.
18:40 of 1st period - Shot Blocked by Kevin Marshall.
18:40 of 1st period - Puck is out of play.
18:41 of 1st period - Brian Sutherby wins face-off versus Michael Latta in Saguenéens zone.
18:56 of 1st period - Snap shot by Jordan LaVallee.
18:56 of 1st period - Deflect By Michael Latta.
18:56 of 1st period - Shot Misses the Net.
18:56 of 1st period - Puck is out of play.
18:57 of 1st period - Tyler Haskins wins face-off versus Erik Haula in Saguenéens zone.
18:58 of 1st period - Snap shot by Troy Brouwer.
18:58 of 1st period - Shot Misses the Net.
19:05 of 1st period - Minor Penalty to Troy Brouwer for Hooking.
19:06 of 1st period - Bradley Malone wins face-off versus Brian Sutherby in Ice Dragons zone.
19:06 of 1st period - Bradley Malone is hit by Kevin Marshall.
19:20 of 1st period - Slapshot by Tyler Kennedy.
19:20 of 1st period - Shot Blocked by Bradley Malone.
19:22 of 1st period - Slapshot by Kevin Marshall.
19:22 of 1st period - Shot Misses the Net.
19:32 of 1st period - Erik Haula is hit by Jordan LaVallee and loses puck.
19:45 of 1st period - Tomas Kudelka is hit by Kevin Marshall and loses puck.
Goals for this period are 0 for Saguenéens vs 0 for Ice Dragons.
Shots for this period are 9 for Saguenéens vs 5 for Ice Dragons.
2nd period
0:01 of 2nd period - Bradley Malone wins face-off versus Brian Sutherby in neutral zone.
0:12 of 2nd period - Snap shot by Jordan LaVallee.
0:12 of 2nd period - Deflect By Bradley Malone.
0:12 of 2nd period - Shot Misses the Net.
0:12 of 2nd period - Puck is out of play.
0:13 of 2nd period - Bradley Malone wins face-off versus Brian Sutherby in Saguenéens zone.
0:24 of 2nd period - Slapshot by Tyler Kennedy.
0:24 of 2nd period - Shot Misses the Net.
0:26 of 2nd period - Slapshot by Kevin Marshall.
0:26 of 2nd period - Shot Blocked by Ian Cole.
0:28 of 2nd period - Snap shot by Brett Lebda.
0:28 of 2nd period - Shot Misses the Net.
0:38 of 2nd period - Erik Haula is hit by Michael Latta and loses puck.
0:45 of 2nd period - Slapshot by Brett Lebda.
0:45 of 2nd period - Shot Blocked by Ian Cole.
0:55 of 2nd period - Dalton Prout is hit by Michael Latta.
1:05 of 2nd period - Penalty to Troy Brouwer is over, Troy Brouwer is back on ice.
1:28 of 2nd period - Slapshot by Juraj Mikus.
1:28 of 2nd period - Deflect By Craig Cunningham.
1:28 of 2nd period - Stopped by Justin Pogge without a rebound.
1:29 of 2nd period - Teemu Pulkkinen wins face-off versus Bradley Malone in Ice Dragons zone.
1:32 of 2nd period - Snap shot by Brett Lebda.
1:32 of 2nd period - Stopped by Justin Pogge with a rebound.
1:34 of 2nd period - Slapshot by Kevin Marshall.
1:34 of 2nd period - Deflect By Rickard Rakell.
1:34 of 2nd period - Shot Blocked by Petr Vrana.
1:34 of 2nd period - Puck is out of play.
1:35 of 2nd period - Petr Vrana wins face-off versus Rickard Rakell in Ice Dragons zone.
1:35 of 2nd period - Petr Vrana is hit by Brett Lebda.
1:43 of 2nd period - Slapshot by Brett Lebda.
1:43 of 2nd period - Deflect By Rickard Rakell.
1:43 of 2nd period - Shot Blocked by Brayden McNabb.
1:43 of 2nd period - Puck is out of play.
1:44 of 2nd period - Erik Haula wins face-off versus Tyler Haskins in Ice Dragons zone.
1:45 of 2nd period - Wrist shot by Tyler Kennedy.
1:45 of 2nd period - Goal by Tyler Kennedy - Saguenéens : 1 - Ice Dragons : 0.
1:46 of 2nd period - Tyler Haskins wins face-off versus Erik Haula in neutral zone.
2:03 of 2nd period - Ian Cole is hit by Erik Haula and loses puck.
2:16 of 2nd period - Snap shot by Jordan LaVallee.
2:16 of 2nd period - Goal by Jordan LaVallee - Saguenéens : 1 - Ice Dragons : 1.
2:17 of 2nd period - Tyler Kennedy wins face-off versus Tyler Haskins in neutral zone.
2:31 of 2nd period - Slapshot by Tyler Kennedy.
2:31 of 2nd period - Deflect By Brayden McNabb.
2:31 of 2nd period - Stopped by Justin Pogge with a rebound.
2:33 of 2nd period - Snap shot by Tyler Kennedy.
2:33 of 2nd period - Deflect By Ian Cole.
2:33 of 2nd period - Stopped by Justin Pogge without a rebound.
2:34 of 2nd period - Michael Latta wins face-off versus Brian Sutherby in Ice Dragons zone.
4:52 of 2nd period - Minor Penalty to Juraj Mikus for High sticking.
4:53 of 2nd period - Tyler Haskins wins face-off versus Brian Sutherby in Saguenéens zone.
5:40 of 2nd period - Wrist shot by Jordan LaVallee.
5:40 of 2nd period - Shot Misses the Net.
6:22 of 2nd period - Slapshot by Kevin Marshall.
6:22 of 2nd period - Shot Misses the Net.
6:52 of 2nd period - Penalty to Juraj Mikus is over, Juraj Mikus is back on ice.
7:22 of 2nd period - Logan MacMillan is hit by Spencer Machacek and loses puck.
9:26 of 2nd period - Icing by Dalton Prout.
9:27 of 2nd period - Juraj Mikus wins face-off versus Bradley Malone in Saguenéens zone.
9:33 of 2nd period - Roman Josi is hit by Tyler Haskins.
9:36 of 2nd period - Minor Penalty to Ryan Reaves for Hooking.
9:37 of 2nd period - Brian Sutherby wins face-off versus Troy Brouwer in Ice Dragons zone.
9:37 of 2nd period - Snap shot by Tyler Kennedy.
9:37 of 2nd period - Deflect By Mason Raymond.
9:37 of 2nd period - Stopped by Justin Pogge with a rebound.
9:39 of 2nd period - Backhand shot by Mason Raymond.
9:39 of 2nd period - Shot Misses the Net.
9:41 of 2nd period - Snap shot by Tyler Kennedy.
9:41 of 2nd period - Shot Blocked by Ian Cole.
9:43 of 2nd period - Snap shot by Mason Raymond.
9:43 of 2nd period - Shot Blocked by Jordan LaVallee.
9:45 of 2nd period - Wrist shot by Kevin Marshall.
9:45 of 2nd period - Deflect By Jordan LaVallee.
9:45 of 2nd period - Stopped by Justin Pogge with a rebound.
9:47 of 2nd period - Snap shot by Brett Lebda.
9:47 of 2nd period - Shot Misses the Net.
10:03 of 2nd period - Brett Lebda is hit by Ian Cole and loses puck.
11:30 of 2nd period - Bradley Malone is hit by Tim Kennedy.
11:36 of 2nd period - Penalty to Ryan Reaves is over, Ryan Reaves is back on ice.
11:42 of 2nd period - Tomas Kudelka is hit by Tyler Pitlick and loses puck.
12:05 of 2nd period - Snap shot by Craig Cunningham.
12:05 of 2nd period - Stopped by Justin Pogge with a rebound.
12:58 of 2nd period - Brian Sutherby is hit by Alexander Urbom and loses puck.
13:11 of 2nd period - Brayden McNabb is hit by Luke Witkowski and loses puck.
13:22 of 2nd period - Slapshot by Ian Cole.
13:22 of 2nd period - Shot Blocked by Brett Lebda.
14:19 of 2nd period - Alexander Urbom is hit by Spencer Machacek and loses puck.
14:43 of 2nd period - Teemu Pulkkinen is hit by Brayden McNabb.
15:06 of 2nd period - Tomas Kudelka is hit by Erik Haula and loses puck.
15:33 of 2nd period - Bradley Malone is hit by Teemu Pulkkinen and loses puck.
16:10 of 2nd period - Double Minor Penalty to Ian Cole for High sticking.
16:11 of 2nd period - Troy Brouwer wins face-off versus Brian Sutherby in Ice Dragons zone.
17:19 of 2nd period - Slapshot by Tomas Kudelka.
17:19 of 2nd period - Shot Blocked by Mason Raymond.
18:59 of 2nd period - Rickard Rakell is hit by Kevin Connauton and loses puck.
19:58 of 2nd period - Brayden McNabb is hit by Roman Josi and loses puck.
Goals for this period are 1 for Saguenéens vs 1 for Ice Dragons.
Shots for this period are 8 for Saguenéens vs 1 for Ice Dragons.
3rd period
0:01 of 3rd period - Jordan LaVallee wins face-off versus Brian Sutherby in neutral zone.
0:10 of 3rd period - Penalty to Ian Cole is over, Ian Cole is back on ice.
0:10 of 3rd period - Snap shot by Tyler Kennedy.
0:10 of 3rd period - Deflect By Ian Cole.
0:10 of 3rd period - Shot Blocked by Brayden McNabb.
0:10 of 3rd period - Puck is out of play.
0:11 of 3rd period - Erik Haula wins face-off versus Tyler Haskins in Ice Dragons zone.
0:14 of 3rd period - Wrist shot by Tyler Kennedy.
0:14 of 3rd period - Shot Misses the Net.
0:20 of 3rd period - Wrist shot by Tyler Haskins.
0:20 of 3rd period - Goal by Tyler Haskins - Saguenéens : 1 - Ice Dragons : 2.
0:21 of 3rd period - Erik Haula wins face-off versus Tyler Haskins in neutral zone.
0:32 of 3rd period - Slapshot by Tyler Kennedy.
0:32 of 3rd period - Stopped by Justin Pogge without a rebound.
0:33 of 3rd period - Tyler Haskins wins face-off versus Erik Haula in Ice Dragons zone.
0:33 of 3rd period - Tyler Haskins is hit by Tyler Kennedy.
1:11 of 3rd period - Brian Sutherby is hit by Ian Cole and loses puck.
1:42 of 3rd period - Snap shot by Tyler Pitlick.
1:42 of 3rd period - Shot Misses the Net.
2:00 of 3rd period - Snap shot by Michael Latta.
2:00 of 3rd period - Shot Blocked by Kevin Marshall.
2:42 of 3rd period - Slapshot by Juraj Mikus.
2:42 of 3rd period - Deflect By Craig Cunningham.
2:42 of 3rd period - Shot Blocked by Brandon Kozun.
2:42 of 3rd period - Puck is out of play.
2:43 of 3rd period - Michael Latta wins face-off versus Juraj Mikus in Ice Dragons zone.
2:54 of 3rd period - Slapshot by Craig Cunningham.
2:54 of 3rd period - Stopped by Justin Pogge with a rebound.
2:56 of 3rd period - Snap shot by Juraj Mikus.
2:56 of 3rd period - Stopped by Justin Pogge with a rebound.
2:58 of 3rd period - Slapshot by Dalton Prout.
2:58 of 3rd period - Deflect By Juraj Mikus.
2:58 of 3rd period - Shot Blocked by Ian Cole.
2:58 of 3rd period - Puck is out of play.
2:59 of 3rd period - Erik Haula wins face-off versus Tyler Haskins in Ice Dragons zone.
3:00 of 3rd period - Snap shot by Tyler Kennedy.
3:00 of 3rd period - Stopped by Justin Pogge with a rebound.
3:09 of 3rd period - Slapshot by Tyler Haskins.
3:09 of 3rd period - Stopped by Mike Smith with a rebound.
3:11 of 3rd period - Wrist shot by Ian Cole.
3:11 of 3rd period - Stopped by Mike Smith with a rebound.
3:13 of 3rd period - Snap shot by Tyler Haskins.
3:13 of 3rd period - Shot Misses the Net.
3:15 of 3rd period - Snap shot by Ryan Reaves.
3:15 of 3rd period - Goal by Ryan Reaves - Saguenéens : 1 - Ice Dragons : 3.
3:16 of 3rd period - Erik Haula wins face-off versus Tyler Haskins in neutral zone.
3:51 of 3rd period - Slapshot by Brian Sutherby.
3:51 of 3rd period - Shot Misses the Net.
4:13 of 3rd period - Slapshot by Juraj Mikus.
4:13 of 3rd period - Shot Misses the Net.
4:31 of 3rd period - Slapshot by Troy Brouwer.
4:31 of 3rd period - Stopped by Mike Smith with a rebound.
4:47 of 3rd period - Wrist shot by Erik Haula.
4:47 of 3rd period - Stopped by Justin Pogge with a rebound.
5:12 of 3rd period - Wrist shot by Brian Sutherby.
5:12 of 3rd period - Shot Blocked by Troy Brouwer.
5:14 of 3rd period - Wrist shot by Brian Sutherby.
5:14 of 3rd period - Stopped by Justin Pogge without a rebound.
5:15 of 3rd period - Bradley Malone wins face-off versus Erik Haula in Ice Dragons zone.
5:17 of 3rd period - Minor Penalty to Petr Vrana for Holding.
5:18 of 3rd period - Brian Sutherby wins face-off versus Troy Brouwer in Ice Dragons zone.
5:20 of 3rd period - Wrist shot by Brian Sutherby.
5:20 of 3rd period - Stopped by Justin Pogge without a rebound.
5:21 of 3rd period - Troy Brouwer wins face-off versus Brian Sutherby in Ice Dragons zone.
5:21 of 3rd period - Troy Brouwer is hit by Brian Sutherby.
5:47 of 3rd period - Snap shot by Brian Sutherby.
5:47 of 3rd period - Shot Misses the Net.
5:49 of 3rd period - Snap shot by Brian Sutherby.
5:49 of 3rd period - Stopped by Justin Pogge with a rebound.
5:51 of 3rd period - Snap shot by Brian Sutherby.
5:51 of 3rd period - Shot Misses the Net.
5:53 of 3rd period - Slapshot by Brian Sutherby.
5:53 of 3rd period - Goal by Brian Sutherby - Saguenéens : 2 - Ice Dragons : 3.
5:54 of 3rd period - Brian Sutherby wins face-off versus Tyler Haskins in neutral zone.
6:01 of 3rd period - Snap shot by Brian Sutherby.
6:01 of 3rd period - Stopped by Justin Pogge without a rebound.
6:02 of 3rd period - Brian Sutherby wins face-off versus Tyler Haskins in Ice Dragons zone.
6:03 of 3rd period - Snap shot by Spencer Machacek.
6:03 of 3rd period - Shot Blocked by Tyler Haskins.
6:05 of 3rd period - Wrist shot by Spencer Machacek.
6:05 of 3rd period - Stopped by Justin Pogge without a rebound.
6:06 of 3rd period - Erik Haula wins face-off versus Tyler Haskins in Ice Dragons zone.
6:18 of 3rd period - Slapshot by Tyler Haskins.
6:18 of 3rd period - Shot Misses the Net.
6:20 of 3rd period - Slapshot by Ryan Reaves.
6:20 of 3rd period - Deflect By Tyler Haskins.
6:20 of 3rd period - Stopped by Mike Smith with a rebound.
6:22 of 3rd period - Slapshot by Brayden McNabb.
6:22 of 3rd period - Stopped by Mike Smith with a rebound.
6:55 of 3rd period - Wrist shot by Tomas Kudelka.
6:55 of 3rd period - Shot Blocked by Brett Lebda.
6:57 of 3rd period - Snap shot by Bradley Malone.
6:57 of 3rd period - Stopped by Mike Smith without a rebound.
6:58 of 3rd period - Bradley Malone wins face-off versus Juraj Mikus in Saguenéens zone.
7:26 of 3rd period - Slapshot by Kevin Connauton.
7:26 of 3rd period - Deflect By Patrick Davis.
7:26 of 3rd period - Shot Misses the Net.
7:26 of 3rd period - Puck is out of play.
7:27 of 3rd period - Erik Haula wins face-off versus Tyler Haskins in Saguenéens zone.
7:27 of 3rd period - Erik Haula is hit by Tyler Haskins.
7:35 of 3rd period - Wrist shot by Troy Brouwer.
7:35 of 3rd period - Shot Misses the Net.
7:37 of 3rd period - Slapshot by Tyler Haskins.
7:37 of 3rd period - Shot Blocked by Luke Witkowski.
7:39 of 3rd period - Snap shot by Brayden McNabb.
7:39 of 3rd period - Shot Misses the Net.
8:21 of 3rd period - Luke Witkowski is hit by Kevin Connauton and loses puck.
8:28 of 3rd period - Snap shot by Patrick Davis.
8:28 of 3rd period - Shot Hit the Post.
8:40 of 3rd period - Snap shot by Troy Brouwer.
8:40 of 3rd period - Stopped by Mike Smith without a rebound.
8:41 of 3rd period - Brian Sutherby wins face-off versus Joey Hishon in Saguenéens zone.
8:54 of 3rd period - Snap shot by Brian Sutherby.
8:54 of 3rd period - Deflect By Spencer Machacek.
8:54 of 3rd period - Shot Blocked by Ian Cole.
8:54 of 3rd period - Puck is out of play.
8:55 of 3rd period - Spencer Machacek wins face-off versus Tyler Haskins in Ice Dragons zone.
9:08 of 3rd period - Slapshot by Spencer Machacek.
9:08 of 3rd period - Shot Misses the Net.
9:10 of 3rd period - Slapshot by Brett Lebda.
9:10 of 3rd period - Stopped by Justin Pogge without a rebound.
9:11 of 3rd period - Juraj Mikus wins face-off versus Michael Latta in Ice Dragons zone.
9:16 of 3rd period - Snap shot by Craig Cunningham.
9:16 of 3rd period - Stopped by Justin Pogge without a rebound.
9:17 of 3rd period - Michael Latta wins face-off versus Juraj Mikus in Ice Dragons zone.
9:21 of 3rd period - Off-side.
9:22 of 3rd period - Tyler Haskins wins face-off versus Erik Haula in neutral zone.
9:35 of 3rd period - Slapshot by Tyler Kennedy.
9:35 of 3rd period - Stopped by Justin Pogge with a rebound.
9:43 of 3rd period - Minor Penalty to Ryan Reaves for Slashing.
9:44 of 3rd period - Brian Sutherby wins face-off versus Troy Brouwer in Ice Dragons zone.
9:59 of 3rd period - Wrist shot by Troy Brouwer.
9:59 of 3rd period - Shot Blocked by Brett Lebda.
10:09 of 3rd period - Brayden McNabb is hit by Erik Haula and loses puck.
10:10 of 3rd period - Brayden McNabb from Ice Dragons is injured at 10:10 of 3rd period (Strained Left Knee).
10:11 of 3rd period - Troy Brouwer wins face-off versus Brian Sutherby in Ice Dragons zone.
10:45 of 3rd period - Slapshot by Dalton Prout.
10:45 of 3rd period - Goal by Dalton Prout - Saguenéens : 3 - Ice Dragons : 3.
10:46 of 3rd period - Tyler Haskins wins face-off versus Erik Haula in neutral zone.
11:39 of 3rd period - Wrist shot by Tyler Pitlick.
11:39 of 3rd period - Stopped by Justin Pogge without a rebound.
11:40 of 3rd period - Erik Haula wins face-off versus Tyler Haskins in Ice Dragons zone.
11:47 of 3rd period - Wrist shot by Tyler Kennedy.
11:47 of 3rd period - Shot Misses the Net.
13:16 of 3rd period - Off-side.
13:17 of 3rd period - Brian Sutherby wins face-off versus Tyler Haskins in neutral zone.
13:46 of 3rd period - Wrist shot by Mason Raymond.
13:46 of 3rd period - Goal by Mason Raymond - Saguenéens : 4 - Ice Dragons : 3.
13:47 of 3rd period - Erik Haula wins face-off versus Tyler Haskins in neutral zone.
13:54 of 3rd period - Wrist shot by Kevin Marshall.
13:54 of 3rd period - Stopped by Justin Pogge without a rebound.
13:55 of 3rd period - Troy Brouwer wins face-off versus Erik Haula in Ice Dragons zone.
13:55 of 3rd period - Troy Brouwer is hit by Mason Raymond.
14:00 of 3rd period - Troy Brouwer is hit by Tyler Kennedy and loses puck.
14:03 of 3rd period - Minor Penalty to Tyler Kennedy for Holding.
14:04 of 3rd period - Brian Sutherby wins face-off versus Tyler Haskins in Saguenéens zone.
14:58 of 3rd period - Roman Josi is hit by Kevin Connauton and loses puck.
15:13 of 3rd period - Snap shot by Troy Brouwer.
15:13 of 3rd period - Deflect By Tyler Haskins.
15:13 of 3rd period - Shot Misses the Net.
15:13 of 3rd period - Puck is out of play.
15:14 of 3rd period - Craig Cunningham wins face-off versus Michael Latta in Saguenéens zone.
15:19 of 3rd period - Minor Penalty to Alexander Urbom for Holding.
15:20 of 3rd period - Brian Sutherby wins face-off versus Troy Brouwer in Ice Dragons zone.
15:56 of 3rd period - Wrist shot by Rhett Rakhshani.
15:56 of 3rd period - Stopped by Justin Pogge without a rebound.
15:57 of 3rd period - Patrick Davis wins face-off versus Rhett Rakhshani in Ice Dragons zone.
16:03 of 3rd period - Penalty to Tyler Kennedy is over, Tyler Kennedy is back on ice.
16:08 of 3rd period - Slapshot by Kevin Connauton.
16:08 of 3rd period - Deflect By Bradley Malone.
16:08 of 3rd period - Shot Blocked by Roman Josi.
16:08 of 3rd period - Puck is out of play.
16:09 of 3rd period - Troy Brouwer wins face-off versus Brian Sutherby in Saguenéens zone.
17:19 of 3rd period - Penalty to Alexander Urbom is over, Alexander Urbom is back on ice.
18:15 of 3rd period - Craig Cunningham is hit by Petr Vrana.
18:29 of 3rd period - Off-side.
18:30 of 3rd period - Joey Hishon wins face-off versus Teemu Pulkkinen in neutral zone.
18:33 of 3rd period - Kevin Marshall is hit by Logan MacMillan and loses puck.
18:46 of 3rd period - Snap shot by Rhett Rakhshani.
18:46 of 3rd period - Stopped by Justin Pogge with a rebound.
18:58 of 3rd period - Ice Dragons, Justin Pogge is pulled from the net.
18:58 of 3rd period - Wrist shot by Troy Brouwer.
18:58 of 3rd period - Stopped by Mike Smith with a rebound.
19:20 of 3rd period - Troy Brouwer is hit by Tyler Kennedy and loses puck.
19:59 of 3rd period - Snap shot by Troy Brouwer.
19:59 of 3rd period - Stopped by Mike Smith with a rebound.
Goals for this period are 3 for Saguenéens vs 2 for Ice Dragons.
Shots for this period are 20 for Saguenéens vs 11 for Ice Dragons.
Back to the Top